 Dungeon Crawl Stone Soup version 0.30-b1-2-g02819fbbbe (webtiles) character file.

Game seed: 11026469058795990780

8737 ketsa the Thaumaturge (level 11, -8/54 HPs)
             Began as a Deep Elf Summoner on May 12, 2023.
             Was a Follower of Hepliaklqana.
             Mangled by a demonic crawler (9 damage)
             ... on level 1 of the Lair of Beasts.
             The game lasted 01:01:04 (9898 turns).

ketsa the Thaumaturge (Deep Elf Summoner)           Turns: 9898, Time: 01:01:05

Health: -8/54      AC: 11    Str:  5    XL:     11   Next: 13%
Magic:  19/28      EV: 16    Int: 27    God:    Hepliaklqana [*.....]
Gold:   628        SH:  0    Dex: 15    Spells: 19/32 levels left

rFire   . . .        p - +3 quarterstaff (chaos)
rCold   + + .        (shield currently unavailable)
rNeg    . . .        O - +0 steam dragon scales
rPois   +            (no helmet)
rElec   .            B - +0 cloak {rCorr}
rCorr   +            (no gloves)
SInv    .            y - +0 pair of boots
Will    +....        r - amulet of the acrobat
Stlth   ++           v - ring of Myrph {rC++ AC+4 Int+2}
HPRegen 0.29/turn    R - ring of poison resistance
MPRegen 0.21/turn

%: acrobat
@: no status effects
A: reduced essence
a: Renounce Religion, Recall Ancestor, Ancestor Identity


You were on level 1 of the Lair of Beasts.
You worshipped Hepliaklqana.
Hepliaklqana was aware of your devotion.
You visited 3 branches of the dungeon, and saw 10 of its levels.

You collected 628 gold pieces.

Inventory:

Hand Weapons
 h - a +0 dagger
 i - a +0 spectral quarterstaff
 p - a +3 quarterstaff of chaos (weapon)
 u - a +0 short sword of freezing
 F - a +0 rapier of electrocution
 N - a +0 falchion of pain
Missiles
 f - 22 poisoned darts (quivered)
 j - 6 throwing nets
 n - 67 stones
 D - 4 silver boomerangs
Armour
 o - a +0 robe of positive energy
 y - a +0 pair of boots (worn)
 B - a +0 cloak of preservation (worn)
 J - a +0 buckler
 K - a +1 leather armour of willpower
 O - +0 steam dragon scales (worn)
Jewellery
 r - an amulet of the acrobat (around neck)
 v - the ring of Myrph (left hand) {rC++ AC+4 Int+2}
   (You found it on level 3 of the Dungeon)

   [ring of protection]

   AC:        It affects your AC (+4).
   Int:       It affects your intelligence (+2).
   rC:        It greatly protects you from cold.
 R - a ring of poison resistance (right hand)
 T - a +5 ring of evasion
Wands
 G - a wand of charming (14)
Scrolls
 c - 10 scrolls of identify
 e - 3 scrolls of enchant armour {unknown}
 g - 7 scrolls of teleportation
 l - 2 scrolls of noise {unknown}
 q - 2 scrolls of blinking
 s - 2 scrolls of immolation {unknown}
 t - 2 scrolls of magic mapping
 w - a scroll of enchant weapon {unknown}
 C - a scroll of poison {unknown}
 H - a scroll of vulnerability {unknown}
 L - 3 scrolls of fog {unknown}
 P - a scroll of fear {unknown}
Potions
 a - 3 potions of flight {unknown}
 b - a potion of magic
 d - 4 potions of mutation {unknown}
 k - 3 potions of might {unknown}
 m - a potion of attraction {unknown}
 x - 2 potions of heal wounds {unknown}
 z - 2 potions of cancellation {unknown}
 A - a potion of lignification {unknown}
 I - a potion of haste {unknown}
 M - a potion of degeneration {unknown}
 Q - 2 potions of resistance
 S - a potion of ambrosia {unknown}
Miscellaneous
 U - a phial of floods


   Skills:
 - Level 4.1 Fighting
 + Level 6.2 Staves
 - Level 8.0 Dodging
 - Level 2.4 Stealth
 + Level 11.3 Spellcasting
 - Level 7.2 Hexes
 - Level 9.0 Summonings
 - Level 6.0 Air Magic
 + Level 1.2 Invocations
 + Level 1.2 Evocations


You had 19 spell levels left.
You knew the following spells:

 Your Spells              Type           Power      Damage    Failure   Level
a - Summon Small Mammal   Summ           100%       N/A       1%          1
b - Call Imp              Summ           100%       N/A       1%          2
c - Call Canine Familiar  Summ           59%        N/A       1%          3
d - Summon Guardian Gole  Hex/Summ       56%        N/A       1%          3
e - Summon Lightning Spi  Summ/Air       54%        N/A       1%          4

Your spell library contained the following spells:

 Spells                   Type           Power      Damage    Failure   Level
 Slow                     Hex            100%       N/A       1%          1
 Confusing Touch          Hex            53%        N/A       1%          3
 Freeze                   Ice            60%        1d7       3%          1
 Magic Dart               Conj           60%        1d6       3%          1
 Sandblast                Erth           30%        2d9       3%          1
 Mephitic Cloud           Conj/Pois/Air  26%        N/A       4%          3
 Passwall                 Tmut/Erth      12%        N/A       5%          2
 Fulminant Prism          Conj/Hex       17%        3d10      9%          4
 Frozen Ramparts          Ice            30%        1d5       11%         3
 Hailstorm                Conj/Ice       15%        3d5       11%         3
 Stone Arrow              Conj/Erth      30%        3d8       11%         3
 Vampiric Draining        Necr           15%        2d7       11%         3
 Volatile Blastmotes      Fire/Tloc      30%        2d12      11%         3
 Iskenderun's Mystic Bla  Conj/Tloc      15%        2d5       36%         4
 Lee's Rapid Deconstruct  Erth           7%         3d7*      71%         5


Dungeon Overview and Level Annotations

Branches:
Dungeon (8/15)             Temple (1/1) D:7            Lair (1/5) D:8

Altars:
Ashenzari
Elyvilon
Fedhas
Gozag
Hepliaklqana
Kikubaaqudgha
Makhleb
Nemelex Xobeh
Okawaru
Qazlal
Ru
Trog
Uskayaw
Vehumet
Wu Jian
Xom
Yredelemnul
The Shining One

Shops:
D:4 [

Annotations:
D:4 Edmund
D:7 1 runed translucent door, Vorhees's ghost, novice DjTm


Message History

The demonic crawler closely misses your wolf.
The demonic crawler hits your wolf!
Your wolf dies!
Your wolf's corpse disappears in a puff of smoke!
Your cerulean imp hits the demonic crawler from afar with a +1 spear.
Casting: Call Canine Familiar (safe; 1% risk of failure)
Confirm with . or Enter, or press ? or * to list all spells.
A guardian golem appears, shielding your allies.
The demonic crawler is engulfed in blazing flames.
Your cerulean imp hits the demonic crawler from afar with a +1 spear.
The demonic crawler hits you. The demonic crawler misses you.
The demonic crawler hits you but does no damage.
Casting: Summon Guardian Golem (safe; 1% risk of failure)
Confirm with . or Enter, or press ? or * to list all spells.
Your cerulean imp closely misses the demonic crawler.
The demonic crawler hits you! The demonic crawler hits you.
The demonic crawler misses you.
You barely miss the demonic crawler.
The demonic crawler is moderately wounded.
The demonic crawler hits you. x2
* * * LOW HITPOINT WARNING * * *
The demonic crawler hits you!
* * * LOW HITPOINT WARNING * * *
Your cerulean imp hits the demonic crawler but does no damage.
The swamp worm fires a harpoon shot at you.
The harpoon shot hits your warg!
You feel better. The demonic crawler misses you. The demonic crawler hits you!
* * * LOW HITPOINT WARNING * * *
The demonic crawler misses you.
A water moccasin comes into view.
Your cerulean imp hits the demonic crawler from afar with a +1 spear.
As you read the scroll labelled RERONI PEATE, it crumbles to dust.
It is a scroll of identify.
q - 2 scrolls of blinking The demonic crawler barely misses you.
The demonic crawler closely misses you. x2
Your cerulean imp hits the demonic crawler from afar with a +1 spear.
The swamp worm bites your warg. The demonic crawler hits you.
* * * LOW HITPOINT WARNING * * *
The demonic crawler hits you!
You die...

..... ...... #.............
..... #....# #............)
......#....# #.........P...
.....$#....###.......~~~~~.
......#.....###.....~~≈~≈~~
#.....P....####...~~~~###~~
.....Swh5...#R...~~≈### ##
.......§..9#.5...~~~#
........§s@##....~~~~~~
####..§§○.##...#.~~~#~~
#....#.P##.##.~~≈###
#..........# ..~~~~
#....#.....# ...#~~≈
#.!...###### ...#.~~ #....#
#. . ..... . .


You could see a demonic crawler (ally target), a swamp worm (ally target), a
water moccasin, a friendly guardian golem (summoned), a friendly warg (summoned,
sheltered) and a friendly cerulean imp (summoned, sheltered).

Vanquished Creatures
  A water moccasin (Lair:1)
  A black bear (D:4)
  A sky beast (D:6)
  An ogre (D:5)
  A wight (D:7)
  A sleepcap (D:7)
  A gnoll (D:3)
  2 adders
  2 dart slugs
  An orc (D:7)
  4 endoplasms
  A hobgoblin (D:3)
  A jackal (D:3)
  A kobold (D:4)
  2 quokkas
  A bat (D:2)
  A frilled lizard (D:3)
  2 rats
25 creatures vanquished.

Vanquished Creatures (collateral kills)
  2 two-headed ogres (D:8)
  A death yak (D:8)
  2 rime drakes (Lair:1)
  Eustachio (D:5)
  3 yaks (D:8)
  A basilisk (Lair:1)
  2 swamp worms (Lair:1)
  Duvessa (D:6)
  A water moccasin (D:5)
  2 orc warriors
  A black bear (D:6)
  An ice beast (D:6)
  2 centaurs
  A phantom (D:5)
  A kobold brigand (D:8)
  4 scorpions
  2 wights (D:7)
  Dowan (D:6)
  8 killer bees (D:7)
  A howler monkey (D:7)
  2 jellies
  A hound (D:6)
  Crazy Yiuf (D:2)
  6 orc priests
  2 iguanas
  2 sleepcaps
  2 orc wizards (D:6)
  7 adders
  10 gnolls
  A shadow imp (D:6)
  3 white imps
  An ufetubus (D:4)
  A worm (D:3)
  2 dart slugs
  26 orcs
  7 ball pythons
  7 endoplasms
  A giant cockroach (D:2)
  2 goblins
  7 hobgoblins
  2 jackals (D:3)
  7 quokkas
  4 bats
  2 frilled lizards
  17 kobolds
  4 rats
165 creatures vanquished.

Vanquished Creatures (others)
  2 death yaks (D:8)
  Maggie (D:7)
  5 yaks (D:8)
  A sky beast (D:7)
  An orc warrior (D:7)
  A bullfrog (D:6)
  A gnoll sergeant (D:6)
  A wight (D:7)
  5 killer bees (D:7)
  An orc priest (D:7)
  2 ancestors
  A gnoll (D:6)
  An orc (D:5)
  14 fungi
  6 plants (Lair:1)
43 creatures vanquished.

Grand Total: 233 creatures vanquished

Notes
Turn   | Place    | Note
-------+----------+-------------------------------------------
     0 | D:1      | ketsa the Deep Elf Summoner began the quest for the Orb.
     0 | D:1      | Reached XP level 1. HP: 10/10 MP: 6/6
   332 | D:1      | Reached XP level 2. HP: 14/15 MP: 6/8
   388 | D:1      | Found a faded altar of an unknown god.
   426 | D:1      | Learned a level 2 spell: Call Imp
  1014 | D:2      | Reached skill level 5 in Summonings
  1048 | D:2      | Reached XP level 3. HP: 19/19 MP: 10/10
  1327 | D:2      | Learned a level 3 spell: Call Canine Familiar
  1430 | D:2      | Reached XP level 4. HP: 24/24 MP: 11/11
  1559 | D:2      | Reached skill level 4 in Spellcasting
  1685 | D:2      | Found a runed translucent door.
  1686 | D:2      | Noticed Crazy Yiuf
  1705 | D:2      | Killed Crazy Yiuf
  2262 | D:3      | Reached XP level 5. HP: 28/28 MP: 13/13
  2791 | D:3      | Identified the ring of Myrph {rC++ AC+4 Int+2}
  3028 | D:4      | Reached skill level 1 in Staves
  3028 | D:4      | Reached XP level 6. HP: 32/32 MP: 15/15
  3156 | D:4      | Reached skill level 5 in Spellcasting
  3156 | D:4      | Reached skill level 1 in Hexes
  3443 | D:4      | Noticed Edmund
  3651 | D:4      | Found a blossoming altar of Fedhas.
  3885 | D:4      | Learned a level 3 spell: Summon Guardian Golem
  3987 | D:4      | Found Cyizuori's Antique Armour Shoppe.
  4190 | D:5      | Entered Level 5 of the Dungeon
  4288 | D:5      | Noticed a water moccasin
  4299 | D:5      | Killed a water moccasin
  4300 | D:5      | Reached XP level 7. HP: 32/36 MP: 11/17
  4451 | D:5      | Reached skill level 5 in Dodging
  4521 | D:5      | Reached skill level 6 in Spellcasting
  4686 | D:5      | Found an opulent altar of Gozag.
  4770 | D:5      | Noticed Eustachio
  4829 | D:5      | Killed Eustachio
  5169 | D:5      | Found an ancient bone altar of Kikubaaqudgha.
  5174 | D:5      | Found a sacrificial altar of Ru.
  5455 | D:5      | Found a basalt altar of Yredelemnul.
  5642 | D:5      | Reached XP level 8. HP: 41/41 MP: 20/20
  5795 | D:6      | Reached skill level 7 in Spellcasting
  5805 | D:6      | Reached skill level 5 in Hexes
  5893 | D:6      | Noticed Duvessa
  5903 | D:6      | Killed Duvessa
  5907 | D:6      | Noticed Dowan
  5911 | D:6      | Killed Dowan
  6242 | D:6      | Reached skill level 8 in Spellcasting
  6686 | D:7      | Reached XP level 9. HP: 45/45 MP: 17/23
  6715 | D:7      | Reached skill level 9 in Spellcasting
  6997 | D:7      | Reached skill level 1 in Fighting
  6997 | D:7      | Reached skill level 1 in Air Magic
  7690 | D:7      | Found a staircase to the Ecumenical Temple.
  7699 | Temple   | Entered the Ecumenical Temple
  7820 | Temple   | Became a worshipper of Hepliaklqana the Forgotten
  7857 | D:7      | Noticed Maggie
  7873 | D:7      | Killed Maggie
  7933 | D:7      | Learned a level 4 spell: Summon Lightning Spire
  7973 | D:7      | Found a runed translucent door.
  7974 | D:7      | Noticed Vorhees's ghost (novice DjTm)
  8298 | D:8      | Noticed a death yak
  8315 | D:8      | Found an iron altar of Okawaru.
  8342 | D:8      | Noticed a two-headed ogre
  8349 | D:8      | Killed a two-headed ogre
  8350 | D:8      | Reached skill level 10 in Spellcasting
  8350 | D:8      | Reached XP level 10. HP: 41/54 MP: 18/26
  8361 | D:8      | Noticed a two-headed ogre
  8369 | D:8      | Killed a two-headed ogre
  8466 | D:8      | Reached skill level 5 in Staves
  8598 | D:8      | Noticed a death yak
  8607 | D:8      | Noticed a death yak
  8640 | D:8      | Killed a death yak
  8641 | D:8      | Reached skill level 5 in Air Magic
  8669 | D:8      | Killed a death yak
  9058 | D:8      | Reached * piety under Hepliaklqana
  9172 | D:8      | Found a staircase to the Lair.
  9180 | Lair:1   | Entered Level 1 of the Lair of Beasts
  9365 | D:8      | Reached skill level 11 in Spellcasting
  9531 | D:8      | Killed a death yak
  9532 | D:8      | Reached XP level 11. HP: 54/54 MP: 20/28
  9822 | Lair:1   | Reached skill level 1 in Invocations
  9822 | Lair:1   | Reached skill level 1 in Evocations
  9898 | Lair:1   | HP: 1/54 [demonic crawler (4)]
  9898 | Lair:1   | Mangled by a demonic crawler

Illustrated notes

Levels and vault maps discovered:
D:1:      sevenhm_arrival_forest_fort_small_6, layout_basic,
          ebering_ecumenical_altar_box, minmay_heptomino_l4
D:2:      layout_rooms, uniq_crazy_yiuf_cottage
D:3:      layout_loops_ring
D:4:      layout_loops_ring, overflow_temple_1_default,
          kennysheep_windowed_goal, uniq_edmund
D:5:      layout_layer_cave, lemuel_coloured_pillars_altar,
          general_overflow_altar, mainiacjoe_overflow_big_doors,
          nicolae_eternal_life, kennysheep_generic_room_11, uniq_eustachio
D:6:      layout_rooms, uniq_duvessa
D:7:      layout_basic, minmay_temple_entry_mist, gammafunk_ghost_grave,
          minmay_misc_feat_four_crosses, eino_jars, uniq_maggie
D:8:      layout_loops_ring, mainiacjoe_overflow_cross_hatched,
          dpeg_lair_monsters
Temple:   nicolae_temple_godzebo
Lair:1:   layout_gridlike, worms_lemuel

Skill      XL: |  1  2  3  4  5  6  7  8  9 10 11 |
---------------+----------------------------------+-----
Summonings     | 5 6 7 9 |  9.0
Dodging        | 3 4 6 7 8 |  8.0
Spellcasting   | 4 5 6 8 10 11 | 11.3
Staves         | 1 4 5 6 |  6.2
Hexes          | 2 4 7 |  7.2
Fighting       | 2 4 |  4.1
Air Magic      | 3 6 |  6.0
Invocations    | 1 |  1.2
Evocations     | 1 |  1.2
Stealth        | |  2.4

Action                     |  1- 3 |  4- 6 |  7- 9 | 10-12 || total
---------------------------+-------+-------+-------+-------++-------
  Melee: Unarmed           |    31 |       |       |       ||    31
         Dagger            |    10 |     7 |       |       ||    17
         Quarterstaff      |       |    20 |    34 |     8 ||    62
  Throw: Dart              |       |       |     2 |     1 ||     3
   Cast: Summon Small Mamm |    43 |    21 |     3 |       ||    67
         Call Imp          |     8 |    18 |    25 |    10 ||    61
         Call Canine Famil |       |    21 |    35 |    19 ||    75
         Summon Guardian G |       |       |    27 |    22 ||    49
 Invoke: Recall Ancestor   |       |       |       |     1 ||     1
    Use: Scroll            |       |     3 |       |     1 ||     4
         Potion            |       |     2 |     1 |     1 ||     4
   Stab: Sleeping          |     1 |     4 |       |       ||     5
         Distracted        |     1 |     1 |     1 |       ||     3
 Armour: Robe              |     7 |     4 |     1 |       ||    12
         Steam dragon scal |       |       |       |     3 ||     3
  Dodge: Dodged            |    36 |    31 |    57 |    34 ||   158
